 Dungeon Crawl Stone Soup version 0.19.1-1-g22dce08 (webtiles) character file.

144 Xerox the Skirmisher (level 5, -1/48 HPs)
             Began as a Hill Orc Fighter on Dec 22, 2016.
             Killed by nerve-wracking pain
             ... invoked by theAP's ghost
              (11 damage)
             ... on level 3 of the Dungeon on Dec 30, 2016.
             The game lasted 00:26:41 (1680 turns).

Xerox the Skirmisher (Hill Orc Fighter)             Turns: 1680, Time: 00:26:42

Health: -1/48      AC: 11    Str: 20    XL:     5   Next: 27%
Magic:  5/5        EV:  7    Int:  8    God:
Gold:   82         SH:  9    Dex: 10    Spells: 0 memorised, 4 levels left

rFire  . . .     SeeInvis .     a - +0 war axe
rCold  . . .     Gourm    .     b - +0 scale mail
rNeg   . . .     Faith    .     c - +0 shield
rPois  .         Spirit   .     (no helmet)
rElec  .         Reflect  .     (no cloak)
rCorr  .         Harm     .     (no gloves)
MR     .....                    e - +0 pair of boots
Stlth  ..........               (no amulet)
                                (no ring)
                                m - +3 ring of protection

@: no status effects
A: no striking features
a: no special abilities


You were on level 3 of the Dungeon.
You were very hungry.

You visited 1 branch of the dungeon, and saw 3 of its levels.

You collected 82 gold pieces.

Inventory:

Hand Weapons
 a - a +0 war axe (weapon)
 p - a +2 short sword of venom
Missiles
 n - 71 stones (quivered)
 x - 6 needles of sleeping
Armour
 b - a +0 scale mail (worn)
 c - a +0 shield (worn)
 e - a +0 pair of boots (worn)
Rods
 v - a +0 lightning rod (10/10)
   (You found it on level 2 of the Dungeon)
Jewellery
 m - a +3 ring of protection (left hand)
Wands
 u - a wand of iceblast (11/15)
Scrolls
 h - a scroll of recharging {unknown}
 i - a scroll of random uselessness {unknown}
 j - a scroll of immolation {unknown}
 k - 5 scrolls of identify
 l - a scroll of fog
 q - 2 scrolls of remove curse {unknown}
 r - 2 scrolls of enchant weapon {unknown}
 s - a scroll of magic mapping {unknown}
 w - a scroll of fear {unknown}
 y - 2 scrolls of teleportation
 A - a scroll of blinking {unknown}
Potions
 d - a potion of might
 g - 4 potions of curing {unknown}
 o - a potion of mutation {unknown}
 t - a potion of degeneration {unknown}
 B - a potion of agility {unknown}
Comestibles
 f - a bread ration
 z - a beef jerky


   Skills:
 + Level 5.4 Fighting
 + Level 5.3 Axes
 - Level 3.2 Armour
 - Level 0.1 Dodging
 - Level 3.2 Shields


You had 4 spell levels left.
You didn't know any spells.

Dungeon Overview and Level Annotations

Branches:
Dungeon (3/15)

Altars:
Kikubaaqudgha

Annotations:
D:3 theAP's ghost, amateur DsNe


Message History

You are no longer poisoned.
TheAP's ghost closely misses you. TheAP's ghost hits you.
You closely miss theAP's ghost.
TheAP's ghost is lightly damaged.
TheAP's ghost hits you.
* * * LOW HITPOINT WARNING * * *
You closely miss theAP's ghost.
TheAP's ghost is lightly damaged.
You block theAP's ghost's attack.
You hit theAP's ghost.
TheAP's ghost is moderately damaged.
TheAP's ghost hits you.
* * * LOW HITPOINT WARNING * * *
You block theAP's ghost's attack.
You are feeling very hungry.
You closely miss theAP's ghost.
TheAP's ghost is moderately damaged.
TheAP's ghost gestures at you while chanting.
Pain shoots through your body!
You die...

.........##.....
.........##....
.........##...#
.........##...#
.........##...#
%........##)..#######
.............>.......
..........#......###
.....####@#.#....#
..## #W#.#....####.#
# ..#.#.........#
.###.#.#.####### ...
#.#.#.# ... #.#.#.#
#...###.#...###### .
#.................# .
...................#


You could see theAP's ghost.

Vanquished Creatures
  Terence (D:2)
  4 adders
  2 oozes
  2 worms
  2 dart slugs (D:2)
  4 leopard geckos
  4 giant cockroaches
  8 goblins
  2 hobgoblins (D:1)
  4 jackals (D:1)
  6 kobolds
  A quokka (D:3)
  10 bats
  2 frilled lizards (D:1)
  8 rats
60 creatures vanquished.

Notes
Turn   | Place    | Note
-------+----------+-------------------------------------------
     0 | D:1      | Xerox the Hill Orc Fighter began the quest for the Orb.
     0 | D:1      | Reached XP level 1. HP: 19/19 MP: 1/1
   125 | D:1      | Reached XP level 2. HP: 23/27 MP: 2/2
   281 | D:1      | Reached XP level 3. HP: 30/34 MP: 3/3
   818 | D:2      | Upgraded the game from 0.19.1 to 0.19.1-1-g22dce08
   900 | D:2      | Reached XP level 4. HP: 41/41 MP: 4/4
   905 | D:2      | Found an ancient bone altar of Kikubaaqudgha.
  1080 | D:2      | Reached skill level 5 in Fighting
  1522 | D:3      | Noticed Terence
  1523 | D:3      | Noticed a bullfrog
  1531 | D:2      | Killed Terence
  1611 | D:3      | Reached skill level 5 in Axes
  1611 | D:3      | Reached XP level 5. HP: 48/48 MP: 5/5
  1671 | D:3      | Noticed theAP's ghost (amateur DsNe)
  1680 | D:3      | Killed from afar by theAP's ghost

Skill      XL: |  1  2  3  4 |
---------------+-------------+-----
Fighting       | 4 5 |  5.4
Axes           | 3 4 5 |  5.3
Armour         | |  3.2
Dodging        | |  0.1
Shields        | |  3.2

Action                   |  1- 3 |  4- 6 || total
-------------------------+-------+-------++-------
Melee: War axe           |   123 |    79 ||   202
Throw: Stone             |     3 |       ||     3
  Use: Scroll            |       |     3 ||     3
  Eat: Chunk             |       |     2 ||     2
Armor: Scale mail        |    74 |    37 ||   111
Dodge: Dodged            |    42 |    16 ||    58
Block: Shield            |    71 |    26 ||    97
